[Event "Titled Tuesday Blitz March 28 Late 2023"]
[White "Raja Rithvik R"]
[Black "Kielinkei"]
[WhiteFideId "35007394"]
[WhiteElo "2402"]
[BlackElo "2417"]
[Result "1-0"]
[Round "01"]
[TimeControl "180+2"]
[Date "2023.03.28"]
[WhiteClock "0:00:17"]
[BlackClock "0:00:12"]

1. b3 e5 2. Bb2 Nc6 3. e3 d5 4. Bb5 Ne7 5. Bxe5 a6 6. Bxc6+ Nxc6 7. Bb2 Qg5 8. Kf1 Bd6 9. Nf3 Qg6 10. Nc3 Bg4 11. h3 Qh5 12. Kg1 Be6 13. Ne2 O-O 14. Ned4 Rae8 15. Nxc6 bxc6 16. Nd4 Qg6 17. Nxc6 Bd7 18. Nd4 c5 19. Nf3 f5 20. d4 c4 21. Ne5 Qe6 22. Nxd7 Qxd7 23. Qf3 Bc7 24. g3 g5 25. Kg2 f4 26. exf4 gxf4 27. g4 cxb3 28. axb3 Re6 29. Rhe1 Rfe8 30. Bc3 Qc6 31. Rxe6 Rxe6 32. Qd3 Rf6 33. Qf3 Re6 34. Re1 Re4 35. Qd3 Qe6 36. Kf1 Qg6 37. f3 Rxe1+ 38. Bxe1 Qe6 39. c4 dxc4 40. Qxc4 Kf7 41. Qxe6+ Kxe6 42. Ke2 Kd5 43. Kd3 Bb6 44. Bd2 Bxd4 45. Bxf4 Bg7 46. Be3 a5 47. f4 Bf6 48. f5 Bd8 49. g5 Be7 50. f6 Bd6 51. h4 Ke5 52. Kc4 Ke4 53. Bd2 Kf5 54. Bxa5 Kg4 55. Be1 h6 56. gxh6 Be5 57. f7 1-0


[Site "https://www.chess.com"]

[Event "Titled Tuesday Blitz March 28 Late 2023"]
[White "Silva, Pedro Gil Ferreira Da"]
[Black "Melkumyan, Hrant"]
[WhiteFideId "1946102"]
[BlackFideId "13302485"]
[WhiteElo "2255"]
[BlackElo "2604"]
[Result "0-1"]
[Round "01"]
[TimeControl "180+2"]
[Date "2023.03.28"]
[WhiteClock "0:01:30"]
[BlackClock "0:01:39"]

1. c4 e5 2. Nc3 Bb4 3. Nf3 Bxc3 4. dxc3 Nc6 5. g3 d6 6. Bg2 Nge7 7. O-O O-O 8. Ne1 Be6 9. b3 a5 10. Nc2 Qd7 11. Ne3 Bh3 12. Nd5 Bxg2 13. Kxg2 b6 14. e4 f5 15. f3 Rf7 16. Be3 Raf8 17. Qd3 Nxd5 18. cxd5 Ne7 19. c4 Ng6 20. exf5 Rxf5 21. a3 h5 22. b4 axb4 23. axb4 h4 24. c5 bxc5 25. bxc5 h3+ 26. Kg1 Qf7 27. cxd6 cxd6 28. Ra7 Ne7 29. Qe4 Qxd5 30. Rc1 Rxf3 31. Qxd5+ Nxd5 32. Bg5 Nc3 33. Re1 Ne2+ 0-1


[Site "https://www.chess.com"]

[Event "Titled Tuesday Blitz March 28 Late 2023"]
[White "Smirnov, Pavel"]
[Black "Grave, Jacob Templen"]
[WhiteFideId "4123425"]
[BlackFideId "1542656"]
[WhiteElo "2519"]
[BlackElo "2179"]
[Result "0-1"]
[Round "01"]
[TimeControl "180+2"]
[Date "2023.03.28"]
[WhiteClock "0:02:30"]
[BlackClock "0:01:36"]

1. d4 Nf6 2. c4 e6 3. g3 d5 4. Nf3 Be7 5. Bg2 O-O 6. Nc3 dxc4 7. Ne5 Nc6 8. Bxc6 bxc6 9. Nxc6 Qe8 10. Nxe7+ Qxe7 11. Qa4 c5 12. dxc5 Qxc5 13. Be3 Qc7 14. Qa3 e5 15. Qc5 Qb7 16. O-O-O Rb8 17. Qa3 Be6 18. Bc5 Rfd8 19. Bd6 Rxd6 20. Rxd6 Qxh1+ 21. Rd1 Qb7 22. f3 e4 23. f4 h6 24. e3 Qb6 25. Rd7 Bxd7 0-1


[Site "https://www.chess.com"]

[Event "Titled Tuesday Blitz March 28 Late 2023"]
[White "marik_spb"]
[Black "Albornoz Cabrera, Carlos Daniel"]
[BlackFideId "3518736"]
[WhiteElo "2414"]
[BlackElo "2501"]
[Result "0-1"]
[Round "01"]
[TimeControl "180+2"]
[Date "2023.03.28"]
[WhiteClock "0:00:26"]
[BlackClock "0:01:35"]

1. d4 Nf6 2. c4 g6 3. g3 Bg7 4. Bg2 O-O 5. Nf3 d6 6. O-O Nbd7 7. Nc3 e5 8. e4 exd4 9. Nxd4 Re8 10. Re1 a6 11. Rb1 Rb8 12. b4 Ne5 13. c5 dxc5 14. bxc5 Nfg4 15. Nd5 c6 16. Nb6 Nxf2 17. Kxf2 Ng4+ 18. Ke2 Bxd4 19. Nxc8 Rxc8 20. Rxb7 Ne5 21. Be3 Bxe3 22. Qxd8 Rcxd8 23. Kxe3 Rd3+ 24. Kf2 Ra3 25. Re2 Nd3+ 26. Kg1 Nxc5 27. Rf2 Nxb7 0-1


[Site "https://www.chess.com"]

[Event "Titled Tuesday Blitz March 28 Late 2023"]
[White "Riehle, Marco"]
[Black "Dmitrenko, Viktor"]
[WhiteFideId "12904392"]
[BlackFideId "14110270"]
[WhiteElo "2462"]
[BlackElo "2292"]
[Result "1-0"]
[Round "01"]
[TimeControl "180+2"]
[Date "2023.03.28"]
[WhiteClock "0:01:25"]
[BlackClock "0:00:07"]

1. e4 e6 2. c4 d5 3. cxd5 exd5 4. Qb3 c6 5. e5 Nh6 6. d4 Nf5 7. Nf3 Na6 8. Bxa6 Qa5+ 9. Nc3 Qxa6 10. g4 Ne7 11. h3 h5 12. Rg1 hxg4 13. hxg4 Rh3 14. Ng5 Rd3 15. Be3 Ng6 16. Rd1 Be7 17. Rxd3 Qxd3 18. Qd1 Qc4 19. Qf3 Bxg5 20. Bxg5 Qxd4 21. Be3 Nxe5 22. Qh3 Qd3 23. Rg3 Ng6 24. Qh7 Qc2 25. Qg8+ Nf8 26. Bc5 Qc1+ 27. Ke2 Qxb2+ 28. Kf1 Qc1+ 29. Kg2 1-0


[Site "https://www.chess.com"]

[Event "Titled Tuesday Blitz March 28 Late 2023"]
[White "Villalba, Marcelo"]
[Black "Mendonca, Leon Luke"]
[WhiteFideId "3701859"]
[BlackFideId "35028561"]
[WhiteElo "2191"]
[BlackElo "2464"]
[Result "0-1"]
[Round "01"]
[TimeControl "180+2"]
[Date "2023.03.28"]
[WhiteClock "0:00:20"]
[BlackClock "0:00:34"]

1. e4 c6 2. Nf3 d5 3. Nc3 Bg4 4. h3 Bxf3 5. Qxf3 e6 6. d4 Nf6 7. Bd3 dxe4 8. Nxe4 Nxe4 9. Bxe4 Nd7 10. O-O Nf6 11. c3 Nxe4 12. Qxe4 Qd5 13. Re1 Be7 14. Bf4 O-O 15. Be5 Qxe4 16. Rxe4 Rfd8 17. Kf1 Rd5 18. Bf4 a5 19. Rae1 a4 20. a3 Bf6 21. Be5 Be7 22. Bf4 g5 23. Bg3 Kg7 24. h4 h6 25. hxg5 hxg5 26. Be5+ Kg6 27. Bg3 Rh8 28. Kg1 Rhd8 29. Re5 c5 30. dxc5 Bxc5 31. Rxd5 Rxd5 32. Re2 Rd1+ 33. Kh2 b6 34. Be5 f6 35. Bg3 Kf5 36. f3 e5 37. Bf2 Bxf2 38. Rxf2 Ke6 39. Kg3 f5 40. Re2 Kd5 41. Kf2 Rd3 42. g3 e4 43. fxe4+ fxe4 44. Kg2 g4 45. Kf2 b5 46. Kg2 e3 47. Kf1 Ke4 48. Kg2 Rd2 49. Kf1 Kf3 0-1


[Site "https://www.chess.com"]

[Event "Titled Tuesday Blitz March 28 Late 2023"]
[White "Idani, Pouya"]
[Black "Tymrakiewicz, Rafal"]
[WhiteFideId "12510130"]
[BlackFideId "1108832"]
[WhiteElo "2574"]
[BlackElo "2151"]
[Result "1-0"]
[Round "01"]
[TimeControl "180+2"]
[Date "2023.03.28"]
[WhiteClock "0:00:23"]
[BlackClock "0:00:15"]

1. e4 Nf6 2. e5 Nd5 3. d4 d6 4. c4 Nb6 5. f4 dxe5 6. fxe5 c5 7. d5 e6 8. Nc3 exd5 9. cxd5 c4 10. Nf3 Bc5 11. Bxc4 O-O 12. Bb3 Bg4 13. Bf4 Na6 14. Qd2 Rc8 15. d6 Nb4 16. Ne4 Nd7 17. Nxc5 Nxc5 18. O-O Nbd3 19. Bd5 Qb6 20. Kh1 Qxb2 21. Qxb2 Nxb2 22. Ng5 Be6 23. Nxe6 fxe6 24. Bb3 Nxb3 25. axb3 Nd3 26. g3 a6 27. Rad1 Nc5 28. b4 Nd7 29. Rc1 h6 30. h4 Rc6 31. Rxc6 bxc6 32. Ra1 Ra8 33. Kg2 Kf7 34. h5 Ke8 35. Kf3 Nb6 36. Be3 Nd5 37. Bc5 Kd7 38. Ke4 Nc3+ 39. Kd3 Nd5 40. Rf1 Ke8 41. d7+ Kxd7 42. Rf7+ Ke8 43. Rf8+ Kd7 44. Rxa8 1-0


[Site "https://www.chess.com"]

[Event "Titled Tuesday Blitz March 28 Late 2023"]
[White "Ozalp, Burak"]
[Black "Tazbir, Marcin"]
[WhiteFideId "6314210"]
[BlackFideId "1122452"]
[WhiteElo "2106"]
[BlackElo "2516"]
[Result "0-1"]
[Round "01"]
[TimeControl "180+2"]
[Date "2023.03.28"]
[WhiteClock "0:00:15"]
[BlackClock "0:01:22"]

1. Nf3 f5 2. g3 Nf6 3. Bg2 g6 4. O-O Bg7 5. c4 O-O 6. Nc3 d6 7. d4 h6 8. Re1 g5 9. Qd3 Nc6 10. a3 Qe8 11. e4 fxe4 12. Nxe4 Nxe4 13. Qxe4 Bf5 14. Qd5+ e6 15. Qb5 Bg4 16. d5 Bxf3 17. dxc6 bxc6 18. Qb3 Rb8 19. Qe3 Bxg2 20. Kxg2 Bxb2 21. Bxb2 Rxb2 22. Qxa7 Qf7 23. Rf1 c5 24. Kg1 Rxf2 25. Rxf2 Qxf2+ 26. Kh1 Qf3+ 27. Kg1 Qe3+ 28. Kh1 Qe4+ 0-1


[Site "https://www.chess.com"]

[Event "Titled Tuesday Blitz March 28 Late 2023"]
[White "Holt, Conrad"]
[Black "Gatterer, Florian"]
[WhiteFideId "2034387"]
[BlackFideId "811688"]
[WhiteElo "2592"]
[BlackElo "2221"]
[Result "1-0"]
[Round "01"]
[TimeControl "180+2"]
[Date "2023.03.28"]
[WhiteClock "0:00:26"]
[BlackClock "0:00:11"]

1. d4 d5 2. c4 c6 3. Nc3 Nf6 4. e3 Bf5 5. Qb3 Qb6 6. Qxb6 axb6 7. cxd5 Nxd5 8. Nxd5 cxd5 9. Nf3 Nc6 10. Bd2 e6 11. Bb5 Bd6 12. Ne5 Rc8 13. Rc1 Bxe5 14. dxe5 Kd7 15. Ke2 Rhd8 16. Rhd1 Ke7 17. f3 h5 18. Bc3 Bg6 19. Kf2 f6 20. exf6+ gxf6 21. Be1 Kf7 22. Rc3 Na7 23. Be2 Rxc3 24. Bxc3 Rc8 25. Ke1 Nc6 26. Rc1 Nb4 27. Bd2 Rxc1+ 28. Bxc1 Nd3+ 29. Kd2 Nxc1 30. Kxc1 e5 31. Kd2 Ke7 32. Kc3 Kd6 33. h4 Kc5 34. b4+ Kd6 35. f4 f5 36. g3 Be8 37. Bd3 Bg6 38. Kb3 e4 39. Bb5 d4 40. exd4 Kd5 41. Kc3 e3 42. Kd3 e2 43. Bc4+ Kd6 44. Kxe2 b5 45. Bxb5 Bf7 46. a4 Bd5 47. Kd3 Be4+ 48. Kc3 Bf3 49. Bc4 Bg4 50. a5 Bf3 51. b5 Be4 52. b6 Bf3 53. Bf7 Kd7 54. Kc4 Kd6 55. d5 Be2+ 56. Kd4 Bf3 57. Be6 Bg4 58. Bc8 Be2 59. Bxb7 1-0


[Site "https://www.chess.com"]

[Event "Titled Tuesday Blitz March 28 Late 2023"]
[White "Goraj, Barbara"]
[Black "Wagner, Dennis"]
[WhiteFideId "21816166"]
[BlackFideId "24650684"]
[WhiteElo "2074"]
[BlackElo "2470"]
[Result "1/2-1/2"]
[Round "01"]
[TimeControl "180+2"]
[Date "2023.03.28"]
[WhiteClock "0:00:17"]
[BlackClock "0:00:10"]

1. d4 Nf6 2. c4 e6 3. Nf3 d5 4. cxd5 exd5 5. Nc3 c6 6. Bg5 Be7 7. e3 Bf5 8. h3 h6 9. Bh4 Nbd7 10. Bd3 Bxd3 11. Qxd3 O-O 12. O-O Re8 13. Rac1 Nf8 14. Ne5 N6d7 15. Bxe7 Qxe7 16. Nxd7 Nxd7 17. Na4 g6 18. Nc5 Nxc5 19. Rxc5 Qg5 20. b4 a6 21. a4 Re6 22. b5 axb5 23. axb5 Rf6 24. Rfc1 Qh4 25. R5c2 Kg7 26. bxc6 bxc6 27. Qe2 Rc8 28. Qg4 Qxg4 29. hxg4 Re6 30. Rc5 Rd6 31. Rb1 Rc7 32. Rb6 Kf6 33. g3 Kg5 34. f3 Re6 35. Kf2 f5 36. gxf5 gxf5 37. Rc3 h5 38. Rb8 Rg6 39. Rd8 Ra7 40. Rc2 h4 41. gxh4+ Kxh4 42. Rc8 Ra6 43. Rh8+ Kg5 44. Rc8 f4 45. e4 dxe4 46. fxe4 Kg4 47. d5 cxd5 48. exd5 Ra3 49. R8c3 Ra1 50. Rd3 Rh1 51. Ke2 Rgh6 52. Kd2 Rh8 53. d6 R1h2+ 54. Kc1 Rh1+ 55. Kb2 Rb8+ 56. Rb3 Rd8 57. Rd2 Rh6 58. d7 Rh7 59. Rbd3 f3 60. Rf2 Rhxd7 61. Rdxf3 Rb7+ 62. Kc2 Rc7+ 63. Rc3 Ra7 64. Rc4+ Kg3 65. Rff4 Ra2+ 66. Kc3 Rad2 67. Rg4+ Kf3 68. Rgf4+ Ke2 69. Rfe4+ Kd1 70. Rcd4 Rc8+ 71. Kb3 Rb8+ 72. Kc3 Rc8+ 73. Kb3 Rxd4 74. Rxd4+ Kc1 75. Rc4+ Rxc4 76. Kxc4 1/2-1/2


[Site "https://www.chess.com"]

[Event "Titled Tuesday Blitz March 28 Late 2023"]
[White "Aradhya, Garg"]
[Black "sissahungrychess"]
[WhiteFideId "25006746"]
[WhiteElo "2263"]
[BlackElo "2407"]
[Result "1-0"]
[Round "01"]
[TimeControl "180+2"]
[Date "2023.03.28"]
[WhiteClock "0:00:09"]
[BlackClock "0:00:09"]

1. d4 Nf6 2. c4 e6 3. Nf3 d5 4. Nc3 Be7 5. Bf4 O-O 6. e3 a6 7. Rc1 dxc4 8. Bxc4 c5 9. O-O b5 10. Be2 cxd4 11. Nxd4 Bb7 12. Bf3 Nd5 13. Nxd5 Bxd5 14. Nf5 Bf6 15. Bxd5 exd5 16. Bd6 Re8 17. Qxd5 Ra7 18. Qc5 Rb7 19. Rfd1 Nd7 20. Qc6 Rb6 21. Qc7 Bxb2 22. Qxd8 Rxd8 23. Bc7 Bxc1 24. Bxd8 Rb7 25. Rxc1 g6 26. Ng3 Ne5 27. Rc7 Rb8 28. Bf6 Ng4 29. Bd4 h5 30. h3 Nh6 31. Ne4 Nf5 32. Nf6+ Kf8 33. Nd7+ Ke7 34. Nxb8+ Kd6 35. Rxf7 1-0


[Site "https://www.chess.com"]

[Event "Titled Tuesday Blitz March 28 Late 2023"]
[White "Villiers, Thomas"]
[Black "Krallis, Christos"]
[WhiteFideId "427209"]
[BlackFideId "4298896"]
[WhiteElo "2164"]
[BlackElo "2243"]
[Result "0-1"]
[Round "01"]
[TimeControl "180+2"]
[Date "2023.03.28"]
[WhiteClock "0:00:55"]
[BlackClock "0:02:14"]

1. e4 g6 2. Nf3 Bg7 3. Bc4 e6 4. d4 Ne7 5. Qe2 O-O 6. O-O d5 7. Bd3 c5 8. dxc5 Qc7 9. Be3 Nd7 10. exd5 Nxd5 11. c3 Nxe3 12. Qxe3 Nxc5 13. Bc2 b6 14. Nbd2 Bb7 15. Rad1 Rac8 16. Ne4 Nxe4 17. Bxe4 Ba6 18. Bd3 Bb7 19. Be4 Rfd8 20. Bxb7 Qxb7 21. Nd4 Qd5 22. b3 e5 23. Nf5 Qxd1 24. Ne7+ Kf8 25. Nxc8 Qd7 26. Nxb6 axb6 27. Qxb6 e4 28. Qb4+ Qe7 29. Qxe7+ Kxe7 30. Re1 f5 31. c4 Rd2 32. f3 Bd4+ 33. Kh1 e3 34. a4 e2 35. c5 Rd1 36. Rf1 exf1=Q# 0-1


[Site "https://www.chess.com"]

[Event "Titled Tuesday Blitz March 28 Late 2023"]
[White "Horvath, Dominik"]
[Black "Stanojevic, Ilija"]
[WhiteFideId "1642561"]
[BlackFideId "959995"]
[WhiteElo "2407"]
[BlackElo "2138"]
[Result "1-0"]
[Round "01"]
[TimeControl "180+2"]
[Date "2023.03.28"]
[WhiteClock "0:02:04"]
[BlackClock "0:00:26"]

1. e4 d6 2. d4 Nf6 3. Nc3 Nbd7 4. Nf3 e5 5. h3 Be7 6. g4 h6 7. Rg1 c6 8. a4 Qc7 9. Bc4 d5 10. exd5 cxd5 11. Bxd5 Nxd5 12. Nxd5 Qa5+ 13. Nc3 e4 14. Nd2 e3 15. fxe3 Bh4+ 16. Ke2 O-O 17. Nf3 Bf6 18. Qd3 Re8 19. Bd2 Qb6 20. Nd5 Qc6 21. c4 Nb6 22. Nxf6+ Qxf6 23. g5 hxg5 24. Rxg5 Be6 25. b3 Rad8 26. Rag1 Bxh3 27. Rh5 Be6 28. Qh7+ Kf8 29. Bb4+ 1-0


[Site "https://www.chess.com"]

[Event "Titled Tuesday Blitz March 28 Late 2023"]
[White "Delorme, Axel"]
[Black "Flores, Diego"]
[WhiteFideId "632023"]
[BlackFideId "108049"]
[WhiteElo "2478"]
[BlackElo "2606"]
[Result "0-1"]
[Round "01"]
[TimeControl "180+2"]
[Date "2023.03.28"]
[WhiteClock "0:00:11"]
[BlackClock "0:00:23"]

1. e4 c5 2. Nf3 e6 3. c4 a6 4. Nc3 Nc6 5. d4 cxd4 6. Nxd4 Qc7 7. Be3 Nf6 8. Be2 Bb4 9. f3 b6 10. Rc1 Bb7 11. a3 Bc5 12. Qd2 O-O 13. O-O Nh5 14. b4 Nxd4 15. Bxd4 Bd6 16. e5 Bxe5 17. Bxe5 Qxe5 18. Qxd7 Rab8 19. Rfd1 Qg5 20. Bf1 Rfd8 21. Qc7 Rdc8 22. Qd6 Bxf3 23. Rd4 Qxc1 24. gxf3 Qxc3 0-1


[Site "https://www.chess.com"]

[Event "Titled Tuesday Blitz March 28 Late 2023"]
[White "Adewumi, Tanitoluwa"]
[Black "Lorenzo De La Riva, Lazaro"]
[WhiteFideId "30966396"]
[BlackFideId "2268809"]
[WhiteElo "2757"]
[BlackElo "2294"]
[Result "0-1"]
[Round "01"]
[TimeControl "180+2"]
[Date "2023.03.28"]
[WhiteClock "0:00:20"]
[BlackClock "0:00:19"]

1. e4 c6 2. d4 d5 3. exd5 cxd5 4. Bd3 Nc6 5. c3 Nf6 6. h3 g6 7. Nf3 Bf5 8. O-O Bxd3 9. Qxd3 e6 10. Re1 Bg7 11. Bf4 O-O 12. Nbd2 Nd7 13. Qe3 Re8 14. Bh6 Bxh6 15. Qxh6 Qf6 16. Re2 Qg7 17. Qh4 Re7 18. Rae1 Rae8 19. c4 dxc4 20. d5 g5 21. Qg3 exd5 22. Rxe7 Rxe7 23. Rxe7 Nxe7 24. Qd6 Qxb2 25. Qxe7 Nf8 26. Qxg5+ Qg7 27. Qxd5 c3 28. Nb3 c2 29. Qc5 Qb2 30. Nfd4 Qxa2 31. Qxc2 Qxc2 32. Nxc2 Ne6 33. f3 b6 34. Kf2 a5 35. Ke3 a4 36. Nc1 Kg7 37. Na2 Kf6 38. Nc3 Nc5 39. Nd5+ Ke5 40. Nxb6 Kd6 41. Kd4 Kc6 42. Nc4 Ne6+ 43. Kc3 Nf4 44. N2e3 Kc5 45. g3 Nxh3 46. Ne5 a3 47. Nd3+ Kd6 48. Kb3 Ng5 49. f4 Ne4 50. g4 Nc5+ 51. Nxc5 Kxc5 52. Kxa3 Kd4 53. Ng2 Ke4 54. Kb4 Kf3 55. Kc4 Kxg2 56. f5 Kf3 57. Kd5 Kxg4 58. f6 Kf5 59. Kd6 Kxf6 60. Kd5 h5 61. Kd4 Kg5 62. Ke3 h4 63. Kf3 Kh5 64. Kg2 f5 65. Kh3 Kg5 66. Kg2 f4 67. Kf2 Kg4 68. Kg2 f3+ 69. Kg1 Kg3 70. Kf1 f2 71. Ke2 Kg2 72. Kd1 f1=Q+ 73. Kd2 h3 74. Ke3 h2 75. Kd2 h1=Q 76. Ke3 Qh3+ 77. Kd2 Qf2+ 78. Kd1 Qh1# 0-1


[Site "https://www.chess.com"]

[Event "Titled Tuesday Blitz March 28 Late 2023"]
[White "Martin Barcelo, Carles"]
[Black "Hambleton, Aman"]
[WhiteFideId "24561444"]
[BlackFideId "2606577"]
[WhiteElo "2089"]
[BlackElo "2511"]
[Result "0-1"]
[Round "01"]
[TimeControl "180+2"]
[Date "2023.03.28"]
[WhiteClock "0:00:03"]
[BlackClock "0:00:16"]

1. e4 b6 2. d4 Bb7 3. Bd3 e6 4. Nf3 d5 5. e5 Ba6 6. Bxa6 Nxa6 7. c3 Qd7 8. O-O Ne7 9. Ng5 h6 10. Nh3 c5 11. Nd2 Rc8 12. Qe2 Nb8 13. Qg4 Nbc6 14. Nf3 Nf5 15. Be3 Be7 16. Nf4 g6 17. h4 h5 18. Qh3 cxd4 19. cxd4 Kd8 20. Rac1 Kc7 21. Ng5 Bxg5 22. hxg5 Kb7 23. Qf3 Ncxd4 24. Bxd4 Nxd4 25. Qd3 Nf5 26. a3 Rxc1 27. Rxc1 Rc8 28. Rxc8 Qxc8 29. Qd2 Qc4 30. g3 Qe4 31. Kh2 Nd4 32. Qc3 Nf3+ 33. Kh3 Nxg5+ 34. Kh2 Nf3+ 35. Kh3 Nxe5 36. Kh2 Nf3+ 37. Kh3 g5 0-1


[Site "https://www.chess.com"]

[Event "Titled Tuesday Blitz March 28 Late 2023"]
[White "Klekowski, Maciej"]
[Black "Brilej, Jaka"]
[WhiteFideId "1132717"]
[BlackFideId "14618818"]
[WhiteElo "2540"]
[BlackElo "2231"]
[Result "1-0"]
[Round "01"]
[TimeControl "180+2"]
[Date "2023.03.28"]
[WhiteClock "0:02:26"]
[BlackClock "0:01:14"]

1. Nf3 d5 2. b3 c5 3. Bb2 Nc6 4. e3 Nf6 5. Bb5 e6 6. O-O Bd6 7. d4 O-O 8. Nbd2 cxd4 9. exd4 Qc7 10. Re1 Bd7 11. a3 a6 12. Bd3 Rfe8 13. Ne5 Ne7 14. c4 Ng6 15. Ndf3 dxc4 16. bxc4 Bxe5 17. Nxe5 Nxe5 18. Rxe5 Nd5 19. cxd5 1-0


[Site "https://www.chess.com"]

[Event "Titled Tuesday Blitz March 28 Late 2023"]
[White "Mekhane, Adam"]
[Black "Oro, Faustino"]
[WhiteFideId "36050601"]
[BlackFideId "20000197"]
[WhiteElo "2177"]
[BlackElo "1984"]
[Result "1-0"]
[Round "01"]
[TimeControl "180+2"]
[Date "2023.03.28"]
[WhiteClock "0:00:36"]
[BlackClock "0:00:41"]

1. e4 e5 2. Nf3 Nc6 3. Bb5 Nf6 4. O-O Nxe4 5. d4 Nd6 6. dxe5 Nxb5 7. a4 Nbd4 8. Nxd4 Nxd4 9. Qxd4 d6 10. exd6 Qxd6 11. Qe4+ Qe6 12. Qd4 f6 13. Bf4 c6 14. Nc3 Kf7 15. Rfe1 Qf5 16. Qd8 Qd7 17. Qa5 b6 18. Qh5+ g6 19. Qf3 Bb7 20. Rad1 Qf5 21. g4 Qc8 22. Ne4 Be7 23. Bd6 Bd8 24. Nxf6 Bxf6 25. Re7+ Kg8 26. Qb3+ 1-0


[Site "https://www.chess.com"]

[Event "Titled Tuesday Blitz March 28 Late 2023"]
[White "Horton, Andrew P"]
[Black "drdaro"]
[WhiteFideId "424269"]
[WhiteElo "2401"]
[BlackElo "2394"]
[Result "1-0"]
[Round "01"]
[TimeControl "180+2"]
[Date "2023.03.28"]
[WhiteClock "0:02:03"]
[BlackClock "0:02:18"]

1. d4 g6 2. e4 Nf6 3. e5 Nh5 4. Be2 d6 5. Bxh5 gxh5 6. Qxh5 dxe5 7. Qxe5 Rg8 8. Ne2 Nc6 9. Qe4 Rg4 10. Bf4 Be6 11. Nbc3 Qd7 12. d5 1-0


[Site "https://www.chess.com"]

[Event "Titled Tuesday Blitz March 28 Late 2023"]
[White "Buchenau, Frank"]
[Black "Pulpan, Jakub"]
[WhiteFideId "4604350"]
[BlackFideId "302759"]
[WhiteElo "2157"]
[BlackElo "2484"]
[Result "1-0"]
[Round "01"]
[TimeControl "180+2"]
[Date "2023.03.28"]
[WhiteClock "0:00:51"]
[BlackClock "0:01:40"]

1. e4 a5 2. d4 a4 3. c4 e6 4. Nf3 Nf6 5. Bd3 Bb4+ 6. Nbd2 d6 7. O-O Nc6 8. d5 Ne7 9. a3 Bc5 10. Nb1 c6 11. Nc3 Qa5 12. Bd2 Qa7 13. Bc2 Ng4 14. Qe2 Ng6 15. Bxa4 O-O 16. b4 Bb6 17. dxc6 bxc6 18. Bxc6 Rb8 19. Nb5 Qe7 20. a4 Ba6 21. a5 Bxb5 22. cxb5 Ba7 23. b6 Bxb6 24. axb6 Rxb6 25. b5 N4e5 26. Nxe5 Nxe5 27. Be3 Rbb8 28. Ra7 Qf6 29. Bd4 Qf4 30. Qe3 Qg4 31. Bxe5 dxe5 32. b6 f5 33. Qg3 Qh5 34. Qxg7# 1-0


[Site "https://www.chess.com"]

[Event "Titled Tuesday Blitz March 28 Late 2023"]
[White "Veiga, Jose Francisco R P Neves"]
[Black "Abduzhaparov"]
[WhiteFideId "1930087"]
[WhiteElo "2320"]
[BlackElo "2387"]
[Result "1-0"]
[Round "01"]
[TimeControl "180+2"]
[Date "2023.03.28"]
[WhiteClock "0:00:29"]
[BlackClock "0:00:04"]

1. c4 d6 2. Nc3 g6 3. d4 Bg7 4. Nf3 Nc6 5. Bg5 Bg4 6. e3 h6 7. Bh4 g5 8. Bg3 e5 9. d5 Nce7 10. h3 Bh5 11. e4 f5 12. exf5 Nxf5 13. Bh2 Nd4 14. g4 Bg6 15. Bd3 Ne7 16. O-O O-O 17. Nxd4 exd4 18. Ne4 Qe8 19. f4 gxf4 20. Bxf4 Kh7 21. Qc2 Be5 22. Bxe5 dxe5 23. Nf6+ Rxf6 24. Rxf6 Kg7 25. Raf1 Rd8 26. Re6 Bxd3 27. Qxd3 Rd6 28. Rxe5 Qd7 29. Qxd4 Kg8 30. Re2 Ng6 31. Qe4 Kg7 32. Qe8 Qxe8 33. Rxe8 c6 34. Rb8 cxd5 35. Rxb7+ Kg8 36. c5 Rc6 37. b4 a5 38. a3 axb4 39. axb4 Nh4 40. Ra1 Rc8 41. Ra6 Rf8 42. Rxh6 Nf3+ 43. Kg2 Ne5 44. Re6 Nd3 45. Rg6+ Kh8 46. Rh6+ Kg8 47. Rd6 Re8 48. Kg3 Re3+ 49. Kh4 Re8 50. Rxd5 Nf4 51. Rdd7 Ng6+ 52. Kg5 Ne5 53. Rg7+ Kf8 54. Rh7 Kg8 55. Rhe7 Rd8 56. Rxe5 Rf8 57. Ree7 Rd8 58. Rg7+ Kf8 59. Rgc7 Re8 60. Rf7+ Kg8 61. Rg7+ Kh8 62. Rh7+ Kg8 63. Rbg7+ Kf8 64. Rh8+ Kxg7 65. Rxe8 Kh7 66. Re7+ Kh8 67. Kg6 1-0


[Site "https://www.chess.com"]

[Event "Titled Tuesday Blitz March 28 Late 2023"]
[White "Pasti, Aron"]
[Black "Margvelashvili, Giorgi"]
[WhiteFideId "785857"]
[BlackFideId "13602926"]
[WhiteElo "2173"]
[BlackElo "2549"]
[Result "1-0"]
[Round "01"]
[TimeControl "180+2"]
[Date "2023.03.28"]
[WhiteClock "0:00:13"]
[BlackClock "0:00:08"]

1. e3 d5 2. d4 Nf6 3. Nf3 Bf5 4. Bd3 Bxd3 5. Qxd3 e6 6. c4 c6 7. O-O Nbd7 8. b3 Bd6 9. Ba3 Bxa3 10. Nxa3 O-O 11. Nb1 Qe7 12. Nc3 dxc4 13. bxc4 e5 14. Qf5 Rfe8 15. Rab1 b6 16. dxe5 Nxe5 17. Nd4 Qd7 18. Qxd7 Nfxd7 19. Rfc1 Rac8 20. Ne4 Nxc4 21. Rxc4 Rxe4 22. Rxc6 Rxc6 23. Nxc6 a5 24. f3 Rc4 25. Rd1 Rxc6 26. Rxd7 h5 27. Rb7 g6 28. Kf2 Kg7 29. Kg3 g5 30. h4 gxh4+ 31. Kxh4 Kg6 32. e4 f6 33. Rb8 a4 34. Rg8+ Kf7 35. Rb8 Rc2 36. Kxh5 Rxg2 37. Rb7+ Kf8 38. Rxb6 Ke7 39. Rb7+ Ke6 40. Rb6+ Ke5 41. Rb5+ Ke6 42. Rb6+ Ke7 43. a3 Ra2 44. Kg6 Rxa3 45. Rxf6 Rb3 46. f4 a3 47. Ra6 Kd7 48. e5 Kc7 49. e6 Kb7 50. Ra4 Rf3 51. e7 Kc7 52. e8=Q 1-0


[Site "https://www.chess.com"]

[Event "Titled Tuesday Blitz March 28 Late 2023"]
[White "Herrera Reyes, Jose Antonio"]
[Black "Bolanos, Fernando"]
[WhiteFideId "2274914"]
[BlackFideId "3304094"]
[WhiteElo "2273"]
[BlackElo "2166"]
[Result "1-0"]
[Round "01"]
[TimeControl "180+2"]
[Date "2023.03.28"]
[WhiteClock "0:02:26"]
[BlackClock "0:00:01"]

1. Nf3 d5 2. g3 Nf6 3. Bg2 c6 4. d3 h5 5. h4 g6 6. O-O Bg7 7. c4 O-O 8. cxd5 cxd5 9. Nc3 Nc6 10. Bg5 Bg4 11. Qd2 Rc8 12. Bh6 d4 13. Nb5 Qb6 14. Bxg7 Kxg7 15. Na3 Rfd8 16. Nc4 Qa6 17. a4 Be6 18. Rfc1 Bxc4 19. Rxc4 Na5 20. Rxd4 Nb3 21. Rxd8 Rxd8 22. Qd1 Nxa1 23. Qxa1 Qb6 24. Qa3 e6 25. a5 Qc6 26. Ng5 Qc1+ 27. Bf1 Rd7 28. a6 bxa6 29. Qxa6 Qxb2 30. Qc8 Qb7 31. Qc3 Rc7 32. Qe5 Rc1 33. Ne4 Qe7 34. Qb2 Rc6 35. Qe5 Rc7 36. Nxf6 Qxf6 37. Qxc7 a5 38. Qxa5 1-0


[Site "https://www.chess.com"]

[Event "Titled Tuesday Blitz March 28 Late 2023"]
[White "Bochnicka, Vladimir"]
[Black "Goltsev, Dmitry"]
[WhiteFideId "14943450"]
[BlackFideId "24176710"]
[WhiteElo "2094"]
[BlackElo "2336"]
[Result "1-0"]
[Round "01"]
[TimeControl "180+2"]
[Date "2023.03.28"]
[WhiteClock "0:00:12"]
[BlackClock "0:00:49"]

1. e4 e6 2. d4 d5 3. exd5 exd5 4. c4 Nf6 5. Nc3 Bb4 6. Bd3 O-O 7. Ne2 dxc4 8. Bxc4 Bg4 9. O-O Nc6 10. f3 Bh5 11. Be3 Re8 12. Bf2 Bg6 13. a3 Bd6 14. Qd2 a6 15. Rad1 Qd7 16. Rfe1 Rad8 17. Nf4 Rxe1+ 18. Rxe1 Bxf4 19. Qxf4 Nxd4 20. Bh4 b5 21. Bxf6 gxf6 22. Ba2 Re8 23. Rxe8+ Qxe8 24. h4 Qe5 25. Qg4 Kg7 26. h5 f5 27. Qh4 Qe3+ 28. Kh1 Qc1+ 29. Kh2 Qd2 30. Bd5 c6 31. Nb1 Qxb2 32. h6+ Kf8 33. Qd8# 1-0


[Site "https://www.chess.com"]